 Dungeon Crawl Stone Soup version 0.21.1-1-g345015fe64 (webtiles) character file.

75 Holzbalken the Sneak (level 4, -11/31 HPs)
             Began as a Vampire Enchanter on July 9, 2018.
             Mangled by an iguana (12 damage)
             ... on level 2 of the Dungeon.
             The game lasted 00:06:29 (1128 turns).

Holzbalken the Sneak (Vampire Enchanter)            Turns: 1128, Time: 00:06:30

Health: -11/31     AC:  2    Str:  7    XL:     4   Next: 11%
Magic:  7/7        EV: 13    Int: 17    God:
Gold:   13         SH:  0    Dex: 15    Spells: 6/7 levels left

rFire    . . .     SeeInvis +   a - +1 dagger
rCold    + . .     Gourm    .   (no shield)
rNeg     + + .     Faith    .   b - +0 robe
rPois    +         Spirit   .   (no helmet)
rElec    .         Reflect  .   (no cloak)
rCorr    .         Harm     .   (no gloves)
MR       .....                  (no boots)
Stlth    ++++......             (no amulet)
HPRegen  0.05/turn              (no ring)
MPRegen  0.10/turn              (no ring)

@: regenerating slowly
A: fangs 3, see invisible, unbreathing
a: Bat Form


You were on level 2 of the Dungeon.
You were thirsty.

You visited 1 branch of the dungeon, and saw 2 of its levels.

You collected 13 gold pieces.

Inventory:

Hand Weapons
 a - a +1 dagger (weapon)
Armour
 b - a +0 robe (worn)
Jewellery
 g - a cursed amulet of inaccuracy {unknown}
Scrolls
 e - 2 scrolls of amnesia {unknown}
 f - 3 scrolls of identify {unknown}
 i - a scroll of immolation {unknown}
 j - 2 scrolls of remove curse {unknown}
 l - a scroll of enchant weapon {unknown}
Potions
 d - 18 potions of blood
 h - a potion of might {unknown}
 k - a potion of lignification {unknown}
 m - a potion of degeneration {unknown}
 n - a potion of invisibility {unknown}
Books
 c - a book of Maledictions

   Spells                             Type                      Level
   a - Corona                         Hexes                        1
   b - Ensorcelled Hibernation        Hexes/Ice                    2
   c - Confuse                        Hexes                        3
   d - Tukima's Dance                 Hexes                        3
   e - Dazzling Spray                 Conjuration/Hexes            3


   Skills:
 + Level 0.4 Fighting
 + Level 2.4 Short Blades
 + Level 2.8 Dodging
 + Level 5.6 Stealth
 + Level 2.0 Spellcasting
 + Level 5.0 Hexes


You had 6 spell levels left.
You knew the following spells:

 Your Spells              Type           Power        Failure   Level  Hunger
a - Corona                Hex            ###....      2%          1    #......


Dungeon Overview and Level Annotations

Branches:
Dungeon (2/15)

Altars:
Ashenzari


Innate Abilities, Weirdness & Mutations

You heal slowly.
You have razor-sharp teeth.
You have supernaturally acute eyesight. (SInv)
You can survive without breathing.


Message History

The iguana is heavily wounded.
The bat closely misses you. The iguana bites you.
* * * LOW HITPOINT WARNING * * *
You hit the iguana but do no damage.
The iguana is heavily wounded.
The bat misses you. The iguana bites you!
* * * LOW HITPOINT WARNING * * *
You hit the iguana but do no damage.
The iguana is heavily wounded.
The bat hits you but does no damage. The iguana barely misses you.
You barely miss the iguana.
The iguana is heavily wounded.
The bat misses you. The iguana barely misses you.
You hit the iguana.
The iguana is severely wounded.
The bat barely misses you. The iguana barely misses you.
You hit the iguana but do no damage.
The iguana is severely wounded.
The iguana bites you!
You die...

#........ .#
######
#........ ...
....# ##.......
#.##...###
##......
#........#
#.#####
#........ #.#
#...... ##.##
###....l####
#...#
......b@†..#
#...#
###....###.#
#...#### #....
#.######...)...
#.....
#.##...........
.......
#..............
.#.....
####......(....
##...#
#####......<
#### #...####
#...#


You could see an iguana and a bat.

Vanquished Creatures
  A gnoll (D:1)
  An adder (D:2)
  2 oozes (D:2)
  2 dart slugs (D:1)
  2 leopard geckos
  6 bats (D:1)
  4 giant cockroaches
  7 hobgoblins
  A jackal (D:2)
  3 kobolds
  A ball python (D:1)
  2 frilled lizards
  4 goblins
  6 rats
42 creatures vanquished.

Notes
Turn   | Place    | Note
-------+----------+-------------------------------------------
     0 | D:1      | Holzbalken the Vampire Enchanter began the quest for the Orb.
     0 | D:1      | Reached XP level 1. HP: 13/13 MP: 3/3
   137 | D:1      | Reached XP level 2. HP: 13/19 MP: 5/5
   245 | D:1      | Found a shattered altar of Ashenzari.
   251 | D:1      | Reached skill level 5 in Stealth
   356 | D:1      | Reached skill level 5 in Hexes
   356 | D:1      | Reached XP level 3. HP: 22/24 MP: 6/6
  1022 | D:2      | Reached XP level 4. HP: 24/31 MP: 7/7
  1124 | D:2      | HP: 1/31 [iguana (7)]
  1128 | D:2      | Mangled by an iguana

Skill      XL: |  1  2 |
---------------+-------+-----
Stealth        | 5 |  5.6
Short Blades   | 2 |  2.4
Hexes          | 5 |  5.0
Fighting       | |  0.4
Dodging        | |  2.8
Spellcasting   | |  2.0

Action                   |  1- 3 |  4- 6 || total
-------------------------+-------+-------++-------
Melee: Dagger            |   108 |    37 ||   145
       Bite              |     4 |     3 ||     7
 Cast: Corona            |     1 |       ||     1
 Stab: Sleeping          |    18 |       ||    18
Armor: Robe              |    27 |     9 ||    36
Dodge: Dodged            |    58 |    37 ||    95
